Map: Cerulean Fall LE

Players

Piroxiljin

  • Race: Terran Terran
  • Spawn Location: 7:00

A.I. 1 (Hard) - Winner!

  • Race: Terran Terran
  • Spawn Location: 1:00

VOD

Have the link to the VOD?

Description

Time

  • Played on: Jan. 18, 2019, 12:54 p.m.
  • Length: 4:44
Show
View Real Time Build Order
Export as new Build Order

Piroxiljin Terran 

Build Orders:  

Get SALT Encoding   

  12  0:01  SCV  
  13  0:14  SCV  
  13  0:21  Supply Depot  
  14  0:27  SCV  
  15  0:33  Refinery  
  15  0:42  SCV  
  16  0:53  Barracks  
  16  0:57  SCV  
  18  1:11  SCV  
  18  1:18  Refinery  
  18  1:25  SCV  
  19  1:37  SCV  
  20  1:44  Barracks Reactor  
  20  2:08  Factory  
  20  2:15  SCV  
  21  2:18  Supply Depot  
  21  2:27  SCV  
  22  2:49  Factory  
  22  3:00  Hellion  
  22  3:01  Hellion  
  26  3:08  Barracks  
  26  3:10  Barracks Reactor  
  26  3:25  Hellion  
  26  3:26  Hellion  
  30  3:29  Orbital Command  
  26  4:18  Hellion  
  28  4:26  Barracks Reactor  
  28  4:39  Command Center  
Show
View Real Time Build Order
Export as new Build Order

A.I. 1 (Hard) Terran - Winner!

Build Orders:  

Get SALT Encoding   

  12  0:00  SCV  
  13  0:13  SCV  
  14  0:18  Supply Depot  
  14  0:25  SCV  
  15  0:40  SCV  
  16  0:45  Barracks  
  16  0:50  Refinery  
  16  0:52  SCV  
  17  1:04  SCV  
  18  1:16  SCV  
  19  1:21  Supply Depot  
  19  1:32  SCV, Marine  
  21  1:44  Orbital Command  
  21  1:53  Barracks Tech Lab, Supply Depot  
  21  2:02  Barracks  
  21  2:11  Marine  
  22  2:23  SCV  
  22  2:29  Marine  
  24  2:32  Refinery  
  24  2:36  SCV  
  25  2:37  Supply Depot  
  25  2:47  Marauder  
  25  2:48  SCV, Engineering Bay  
  25  2:49  Marine  
  29  3:00  SCV  
  30  3:06  Marine  
  30  3:08  Marauder  
  30  3:12  SCV  
  34  3:24  SCV, Marine  
  36  3:29  Marine  
  36  3:55  SCV  
  37  4:09  Barracks Tech Lab  
  37  4:11  Factory  
  37  4:12  Missile Turret  
  37  4:18  Missile Turret  
  37  4:38  Bunker  
Tags
 
Matchup
TvT
Race
Terran
Spawn Locations
Cross Positions
Add a new tag
Caveats
  • Supply blocks, unpowered buildings, or Contaminate may cause inaccurate times.
  • Supply counts are checked every 10 seconds.